 Dungeon Crawl Stone Soup version 0.31-a0-325-g067879e3d3 (webtiles) character file.

Game seed: 16268389665437283952

254 lunkers the Insei (level 6, 0/48 HPs)
             Began as a Meteoran Shapeshifter on July 18, 2023.
             Slain by an orc priest
             ... wielding a +0 mace
              (3 damage)
             ... on level 4 of the Dungeon.
             The game lasted 00:04:49 (1479 turns).

lunkers the Insei (Meteoran Shapeshifter)           Turns: 1479, Time: 00:04:49

Health: 0/48       AC:  3    Str: 17    XL:     6   Next: 65%
Magic:  7/7        EV: 13    Int:  9    God:
Gold:   213        SH:  0    Dex: 17    Spells: 5/5 levels left

rFire   . .          .
                       - Unarmed
rCold   . . .        (no shield)
rNeg    . . .        a - +1 animal skin
rPois   +            (helmet currently unavailable)
rElec   .            (cloak currently unavailable)
rCorr   .            (gloves currently unavailable)
SInv    .            (boots currently unavailable)
Will    .....        (no amulet)
Stlth   +            r - ring of poison resistance
HPRegen 0.28/turn    (no ring)
MPRegen 0.10/turn

%: no passive effects
@: beast-form, glowing
A: beast (slay +2), sense surroundings 1, otherworldly, glowing, explore regen
a: Begin Untransformation


You were on level 4 of the Dungeon.
You were a hulking beast.
You visited 1 branch of the dungeon, and saw 5 of its levels.

You collected 213 gold pieces.

Inventory:

Missiles
 m - a throwing net
Armour
 a - a +1 animal skin (worn)
 f - a +0 chain mail
 i - a +0 pair of boots
Jewellery
 r - a ring of poison resistance (left hand)
 u - a ring of flight
Talismans
 c - a beast talisman
Wands
 l - a wand of charming (5)
Scrolls
 d - a scroll of enchant armour
 g - a scroll of noise {unknown}
 n - a scroll of vulnerability {unknown}
 o - 2 scrolls of teleportation {unknown}
 t - a scroll of identify
 v - a scroll of amnesia
Potions
 b - 2 potions of lignification
 e - a potion of enlightenment {unknown}
 h - a potion of might {unknown}
 j - a potion of ambrosia
 k - a potion of haste {unknown}
 p - a potion of mutation {unknown}
 q - a potion of berserk rage {unknown}
 s - a potion of brilliance {unknown}


   Skills:
 - Level 2.1 Fighting
 - Level 2.4 Dodging
 + Level 7.5 Unarmed Combat
 - Level 3.6 Shapeshifting


You had 5 spell levels left.
You didn't know any spells.
Your spell library contained the following spells:

 Spells                   Type           Power      Damage    Failure   Level
 Sandblast                Erth           0%         2d4       38%         1
 Cigotuvi's Dreadful Rot  Necr/Pois/Air  0%         N/A       52%         2
 Lesser Beckoning         Tloc           0%         N/A       52%         2
 Passwall                 Tmut/Erth      0%         N/A       52%         2
 Wereblood                Tmut           0%         N/A       52%         2
 Gell's Gravitas          Tloc           0%         N/A       77%         3
 Inner Flame              Hex/Fire       0%         N/A       77%         3
 Stone Arrow              Conj/Erth      0%         3d7       77%         3
 Teleport Other           Tloc           0%         N/A       77%         3
 Dispel Undead            Necr           0%         3d6       99%         4
 Irradiate                Conj/Tmut      0%         3d11      100%        5
 Yara's Violent Unravell  Hex/Tmut       0%         3d3       100%        5
 Death Channel            Necr           0%         N/A       100%        6
 Enfeeble                 Hex            0%         N/A       100%        7


Dungeon Overview and Level Annotations

Branches:
Dungeon (5/15) Zot: 1539
 Temple: D:4-7

Altars:
Makhleb
Qazlal
Uskayaw


Innate Abilities, Weirdness & Mutations

You are a hulking beast.
Your limbs bulge with bestial killing power. (Slay +2)
You passively map a small area around you.
You are easily found by Zot.
You glow in the dark.
You regain HP and MP as you explore.


Message History

The orc priest calls down the wrath of Beogh upon you.
Pain shoots through your body! The orc barely misses you.
The ufetubus closely misses you.
The ufetubus hits you but does no damage.
The orc attacks as you move away! The orc hits you with a +0 hand axe.
* * * LOW HITPOINT WARNING * * *
The orc priest attacks as you move away!
The orc priest hits you with a +0 dagger.
* * * LOW HITPOINT WARNING * * *
The orc barely misses you.
You punch the orc priest! You punch the orc priest.
You kill the orc priest!
The ufetubus barely misses you. x2; The orc hits you but does no damage.
The ufetubus hits you but does no damage.
The ufetubus hits you.
* * * LOW HITPOINT WARNING * * *
You hit the orc priest but do no damage.
The ufetubus closely misses you. The ufetubus hits you.
* * * LOW HITPOINT WARNING * * *
The orc priest misses you. The orc closely misses you.
You punch the orc priest!
The orc priest is heavily wounded.
The ufetubus closely misses you. The ufetubus hits you.
* * * LOW HITPOINT WARNING * * *
You hit the orc priest but do no damage.
The orc priest is heavily wounded.
The orc priest calls down the wrath of Beogh upon you.
Beogh smites you!
* * * LOW HITPOINT WARNING * * *
The orc hits you with a +0 club.
* * * LOW HITPOINT WARNING * * *
The ufetubus hits you.
* * * LOW HITPOINT WARNING * * *
The ufetubus hits you but does no damage.
You barely miss the orc priest.
The orc priest is heavily wounded.
The ufetubus hits you.
* * * LOW HITPOINT WARNING * * *
The ufetubus misses you. The orc priest hits you with a +0 mace.
You die...

.. #>..#..##.###.###...........#
### #..###....# #.# #............
# .#.........###'###............
###..............................
#........#..##...................
........ #.####>.................
..###... #.####................##
.......###..##........#..####.##
.#.....#....####h...#.#..## ##
.#........### #o5o..##....#
...........## #oJ...##....#
............##.......#...##
......†...................#
.......#............#....##
.......#......###...##...#
..............# #....#.###
....................####


You could see an orc priest, 2 orcs, an ufetubus and an endoplasm.

Vanquished Creatures
  An orc priest (D:4)
  2 hounds
  An orc wizard (D:4)
  3 gnolls (D:3)
  3 adders
  A worm (D:2)
  4 dart slugs
  6 orcs
  4 ball pythons
  6 endoplasms
  5 goblins
  3 hobgoblins
  4 jackals (D:1)
  9 kobolds
  3 quokkas
  3 bats
  7 frilled lizards
  2 rats
67 creatures vanquished.

Notes
Turn   | Place    | Note
-------+----------+-------------------------------------------
     0 | D:1      | lunkers the Meteoran Shapeshifter began the quest for the
                  | Orb.
     0 | D:1      | Reached XP level 1. HP: 17/17 MP: 2/2
    77 | D:1      | Reached skill level 3 in Unarmed Combat
    77 | D:1      | Reached XP level 2. HP: 11/24 MP: 3/3
   130 | D:1      | Reached XP level 3. HP: 24/29 MP: 4/4
   147 | D:1      | Reached skill level 4 in Unarmed Combat
   458 | D:2      | Reached XP level 4. HP: 13/35 MP: 5/5
   525 | D:3      | Reached skill level 5 in Unarmed Combat
   803 | D:3      | Reached XP level 5. HP: 40/41 MP: 6/6
  1030 | D:3      | Found a hide-covered altar of Uskayaw.
  1030 | D:3      | Found a stormy altar of Qazlal.
  1086 | D:4      | Reached skill level 6 in Unarmed Combat
  1220 | D:4      | Reached XP level 6. HP: 18/48 MP: 7/7
  1262 | D:4      | Found a burning altar of Makhleb.
  1273 | D:4      | Noticed an ogre
  1279 | D:5      | Entered Level 5 of the Dungeon
  1389 | D:5      | Reached skill level 7 in Unarmed Combat
  1479 | D:4      | Slain by an orc priest

Illustrated notes

Levels and vault maps discovered:
D:1:      dpeg_arrival_leaves_temple_mockup, layout_basic
D:2:      layout_loops_ring, wander_ebering_terrifying_dragon_lair
D:3:      layout_basic, gammafunk_temple_overflow_wave,
          ebering_ecumenical_altar_petrified, kennysheep_generic_room_2
D:4:      layout_cave_pools, lemuel_doored_altar
D:5:      minmay_evil_eye, layout_layer_cave, uniq_blork_the_orc

Skill      XL: |  1  2  3  4  5  6 |
---------------+-------------------+-----
Unarmed Combat | 3 4 5 6 7 |  7.5
Fighting       | |  2.1
Dodging        | |  2.4
Shapeshifting  | |  3.6

Action                     |  1- 3 |  4- 6 || total
---------------------------+-------+-------++-------
  Melee: Unarmed           |    77 |   110 ||   187
         Punch             |       |     6 ||     6
    Use: Scroll            |       |     7 ||     7
 Armour: Animal skin       |    10 |    22 ||    32
  Dodge: Dodged            |    49 |    82 ||   131

Table legend: (Time is in decaauts)
 A = Elapsed time spent in this place.
 B = Non-inter-level travel time spent in this place.
 C = Inter-level travel time spent in this place.
 D = Time resting spent in this place.
 E = Time spent auto-exploring this place.
 F = Levels seen in this place.
 G = Mean time per level.
                   A        B        C        D        E       F      G
               +--------+--------+--------+--------+--------+-----+--------+
         Total |   1460 |   1434 |     26 |     28 |    699 |   5 |  292.0 |
       Dungeon |   1460 |   1434 |     26 |     28 |    699 |   5 |  292.0 |
               +--------+--------+--------+--------+--------+-----+--------+

Top non-repeatable levels by time:
     D:3: 562 daAuts
     D:4: 264 daAuts
     D:1: 256 daAuts
     D:2: 252 daAuts
     D:5: 124 daAuts
